 Dungeon Crawl Stone Soup version 0.25.1-2-g60ff931df9 (webtiles) character file.

Game seed: 11917755526757986083

1714 OdinFK the Destroyer (level 8, -6/68 HPs)
             Began as a Yellow Draconian Conjurer on Nov 4, 2020.
             Was an Initiate of Sif Muna.
             Mangled by Harold
             ... wielding a +0 trident
              (16 damage)
             ... on level 7 of the Dungeon.
             The game lasted 00:33:10 (5875 turns).

OdinFK the Destroyer (Yellow Draconian Conjurer)    Turns: 5875, Time: 00:33:11

Health: -6/68      AC:  8    Str: 11    XL:     8   Next: 74%
Magic:  0/16       EV: 12    Int: 18    God:    Sif Muna [......]
Gold:   266        SH:  0    Dex: 11    Spells: 11/18 levels left

rFire    + . .     SeeInvis +   D - +6 trident "Nimuc" {pain, rF+ SInv Stlth+}
rCold    . . .     Gourm    .   (no shield)
rNeg     . . .     Faith    .   (armour unavailable)
rPois    .         Spirit   .   (helmet restricted)
rElec    .         Reflect  .   (no cloak)
rCorr    +         Harm     .   (no gloves)
MR       .....                  c - +1 pair of boots
Stlth    +++.......             (no amulet)
HPRegen  0.21/turn              s - ring of see invisible
MPRegen  0.15/turn              (no ring)

@: no status effects
A: spit acid, unfitting armour, cold-blooded, acid resistance, AC +6
a: Breathe Acid, Renounce Religion


You were on level 7 of the Dungeon.
You worshipped Sif Muna.
Sif Muna was noncommittal.
You were not hungry.

You visited 1 branch of the dungeon, and saw 7 of its levels.
You also visited: Ossuary.

You collected 266 gold pieces.

Inventory:

Hand Weapons
 D - the +6 trident "Nimuc" (weapon) {pain, rF+ SInv Stlth+}
   (You found it on level 7 of the Dungeon)

   In the hands of one skilled in necromantic magic, it inflicts extra damage on
   living creatures.
   It protects you from fire.
   It lets you see invisible.
   It makes you more stealthy.
Missiles
 f - 4 atropa-tipped darts
 A - 33 poisoned darts (quivered)
Armour
 c - a +1 pair of boots (worn)
Jewellery
 s - a ring of see invisible (left hand)
Wands
 y - a wand of digging (5)
 B - a wand of disintegration (15)
Scrolls
 h - a scroll of random uselessness {unknown}
 j - 2 scrolls of fear
 k - 2 scrolls of immolation {unknown}
 n - 3 scrolls of enchant weapon
 o - a scroll of summoning {unknown}
 p - 2 scrolls of blinking {unknown}
 q - a scroll of amnesia {unknown}
 t - 6 scrolls of teleportation
 u - 4 scrolls of remove curse
 x - a scroll of magic mapping {unknown}
Potions
 a - 2 potions of brilliance
 d - a potion of invisibility {unknown}
 e - 2 potions of berserk rage
 g - 2 potions of might {unknown}
 l - 3 potions of mutation {unknown}
 m - a potion of curing {unknown}
 r - 2 potions of lignification
 v - 2 potions of flight {unknown}
 w - 2 potions of heal wounds
 z - a potion of magic {unknown}
Comestibles
 b - 15 rations
 i - 8 chunks of flesh


   Skills:
 - Level 5.0 Fighting
 + Level 0.1 Polearms
 - Level 1.5 Throwing
 - Level 2.5 Dodging
 - Level 1.7 Stealth
 + Level 5.5 Spellcasting
 + Level 8.0 Conjurations
 + Level 2.0 Translocations
 - Level 2.0 Invocations
 + Level 2.0 Evocations


You had 11 spell levels left.
You knew the following spells:

 Your Spells              Type           Power        Failure   Level  Hunger
a - Magic Dart            Conj           ####         1%          1    None
b - Searing Ray           Conj           ####..       1%          2    #......
c - Iskenderun's Mystic   Conj/Tloc      ###.....     16%         4    ####...

Your spell library contained the following spells:

 Spells                   Type           Power        Failure   Level  Hunger
 Dazzling Flash           Conj/Hex       ###...       8%          3    ##.....
 Fulminant Prism          Conj/Hex       ###.......   24%         4    ####...


Dungeon Overview and Level Annotations

Branches:
Dungeon (7/15)             Temple (0/1) D:7         Ossuary (visited)

Altars:
Elyvilon
Hepliaklqana
Makhleb
Sif Muna
Uskayaw
Xom
Yredelemnul
The Shining One

Annotations:
D:7 Harold, Prince Ribbit


Innate Abilities, Weirdness & Mutations

You can spit globs of acid.
Your golden yellow scales are hard. (AC +6)
You cannot fit into any form of body armour.
You are cold-blooded and may be slowed by cold attacks.
You are resistant to acid. (rCorr)


Message History

Harold is almost dead.
Harold hits you with a +0 trident! Harold closely misses you.
Evoke which item? (* to show all) (? for menu, Esc to quit)
Aiming: Disintegrate
Press: ? - help, Shift-Dir - straight line, f/p - Harold
Aim: Harold, wielding a +0 trident and wearing a +0 chain mail (almost dead, chance to defeat MR: 40%)
Okay, then.
Throwing (i - inventory. (/) - cycle)
A - 34 poisoned darts (quivered)
Press: ? - help, Shift-Dir - straight line, f/p - Harold
Aim: Harold, wielding a +0 trident and wearing a +0 chain mail (almost dead)
You throw a poisoned dart. The poisoned dart hits Harold.
Harold is poisoned.
Harold is almost dead.
Harold fires a harpoon shot at you. The harpoon shot hits you!
* * * LOW HITPOINT WARNING * * *
You are yanked forward by the harpoon shot.
Harold says, "Listen, it's nothing personal.
It's just a job."
Harold hits you from afar with a +0 trident!
You die...

.......#..###...#.......##..#..##
...........#......#####....###.##
.........#.....#### #....####.#
..#...##..#....# #.....####.
..#...##...#..## #..........
..#..####.....## ##.#.........
.....###...#...### #..###...##...
.....#.....#.....##..# ##.##...#
.......##.##(...@...## #.......
###..###..##...(.....# ##......
###.####.###....##@....# #......
#....##..#.....## ...#... #.....#
.####..........# ...# #.........
#..#..###..# ...# ##.......
##.##.......# ...# #.......
#..##..(...... ...# .........
##.#...............# .#...####


You could see Harold (poisoned).

Vanquished Creatures
  A wraith (Ossuary)
  A black bear (D:6)
  A necrophage (D:5)
  An ice beast (D:5)
  3 ogres (D:6)
  2 bullfrogs (D:6)
  A scorpion (D:5)
  2 crimson imps
  A bullfrog zombie (D:6)
  A centaur zombie (D:5)
  2 jellies
  3 orc priests
  2 hounds (D:6)
  A bullfrog skeleton (D:6)
  An orc wizard (D:7)
  Ijyb (D:5)
  Terence (D:2)
  5 worker ants
  4 mummies
  2 worker ant zombies
  10 adders
  A shadow imp (D:6)
  An ooze (D:1)
  An adder zombie (D:5)
  A worm (D:5)
  3 dart slugs
  5 leopard geckos
  9 orcs
  2 ball pythons (D:4)
  8 bats
  4 giant cockroaches
  8 goblins
  10 hobgoblins
  12 jackals
  5 quokkas
  11 frilled lizards
  A giant cockroach zombie (D:6)
  2 goblin zombies (Ossuary)
  A hobgoblin zombie (Ossuary)
  A jackal zombie (D:5)
  10 kobolds
  5 kobold zombies (Ossuary)
  An orc zombie (Ossuary)
  6 rats
154 creatures vanquished.

Vanquished Creatures (others)
  2 jackals (D:4)
  A quokka (D:4)
  A frilled lizard (D:2)
4 creatures vanquished.

Grand Total: 158 creatures vanquished

Notes
Turn   | Place    | Note
-------+----------+-------------------------------------------
     0 | D:1      | OdinFK the Draconian Conjurer began the quest for the Orb.
     0 | D:1      | Reached XP level 1. HP: 14/14 MP: 3/3
   275 | D:1      | Reached XP level 2. HP: 22/22 MP: 3/5
   282 | D:1      | Learned a level 2 spell: Searing Ray
   319 | D:1      | Found a hide-covered altar of Uskayaw.
   321 | D:1      | Found a shimmering altar of Xom.
   321 | D:1      | Found a shimmering blue altar of Sif Muna.
   323 | D:1      | Found a shimmering altar of Xom.
   323 | D:1      | Found an ornate altar of the Wu Jian Council.
   323 | D:1      | Found a basalt altar of Yredelemnul.
   444 | D:1      | Reached skill level 1 in Fighting
   601 | D:2      | Noticed Terence
   688 | D:2      | Reached XP level 3. HP: 28/28 MP: 1/6
  1077 | D:2      | Killed Terence
  1077 | D:2      | Reached XP level 4. HP: 34/36 MP: 0/8
  1738 | D:3      | Reached skill level 5 in Conjurations
  1848 | D:3      | Reached XP level 5. HP: 41/41 MP: 9/9
  2315 | D:4      | Reached skill level 6 in Conjurations
  2474 | D:4      | Found a white marble altar of Elyvilon.
  2560 | D:4      | Learned a level 4 spell: Iskenderun's Mystic Blast
  2562 | D:4      | Found a glowing golden altar of the Shining One.
  2567 | D:4      | Found a basalt altar of Yredelemnul.
  2691 | D:4      | Found a burning altar of Makhleb.
  2693 | D:4      | Noticed a cacodemon
  2745 | D:4      | Reached XP level 6. HP: 42/48 MP: 2/10
  2874 | D:5      | Entered Level 5 of the Dungeon
  2969 | D:5      | Reached skill level 1 in Translocations
  3035 | D:5      | Found a sand-covered staircase.
  3094 | Ossuary  | Entered an ossuary
  3094 | Ossuary  | Noticed a wraith
  3094 | Ossuary  | Noticed a wraith
  3094 | Ossuary  | Noticed a wraith
  3368 | Ossuary  | Noticed a wraith
  3376 | Ossuary  | Killed a wraith
  3376 | Ossuary  | Your scales start taking on a golden yellow colour.
  3376 | Ossuary  | Reached XP level 7. HP: 34/57 MP: 1/12
  3376 | Ossuary  | Gained mutation: You are resistant to acid. (rCorr) [Yellow
                  | Draconian growth]
  3653 | D:5      | Found a hazy altar of Hepliaklqana.
  3866 | D:5      | Noticed Ijyb
  3871 | D:5      | Killed Ijyb
  3991 | D:5      | Found a shimmering blue altar of Sif Muna.
  3999 | D:5      | Became a worshipper of Sif Muna the Loreminder
  4045 | D:5      | Reached skill level 1 in Throwing
  4340 | D:6      | Reached skill level 7 in Conjurations
  4500 | D:6      | Found a hide-covered altar of Uskayaw.
  4516 | D:6      | Reached XP level 8. HP: 66/66 MP: 11/14
  4548 | D:6      | Reached skill level 1 in Invocations
  4557 | D:6      | Reached skill level 1 in Evocations
  5094 | D:6      | Reached skill level 5 in Fighting
  5094 | D:6      | Reached skill level 5 in Spellcasting
  5452 | D:7      | Noticed Harold
  5658 | D:7      | Got a translucent trident
  5659 | D:7      | Identified the +6 trident "Nimuc" {pain, rF+ SInv Stlth+}
                  | (You found it on level 7 of the Dungeon)
  5780 | D:7      | Noticed Prince Ribbit
  5799 | D:7      | Reached skill level 8 in Conjurations
  5815 | D:7      | Found a staircase to the Ecumenical Temple.
  5875 | D:7      | Mangled by Harold

Illustrated notes

Levels and vault maps discovered:
D:1:      heliophobic_arrival_dark_side_of_the_moon, layout_basic,
          doesnt_xom_only_xom
D:2:      kennysheep_big_flooded_room, layout_basic, uniq_terence
D:3:      layout_loops_corners, corexii_leaking_fountain,
          grunt_decor_mini_mirrors, minmay_pentomino_pile
D:4:      layout_basic, grunt_temple_overflow_holy_war,
          makhleb_altar_promises_db, elyvilon_altar_4,
          chequers_serial_rivers_marsh, hex_intersection,
          minmay_misc_feat_more_columns
D:5:      layout_loops_corners, nicolae_overflow_crystal_walls,
          lemuel_coloured_pillars_altar, first_ration,
          gup_ossuary_entry_pyramid, uniq_ijyb
D:6:      minmay_razor_zed, layout_basic, kennysheep_mini_moat,
          nicolae_overflow_hidden_temple
D:7:      layout_layer_cave, temple_statues, uniq_prince_ribbit1, uniq_harold

Skill      XL: |  1  2  3  4  5  6  7  8 |
---------------+-------------------------+-----
Dodging        | 2 |  2.5
Fighting       | 1 2 3 4 5 |  5.0
Spellcasting   | 3 4 5 |  5.5
Conjurations   | 5 6 7 8 |  8.0
Translocations | 2 |  2.0
Throwing       | 1 |  1.5
Invocations    | 2 |  2.0
Evocations     | 2 |  2.0
Polearms       | |  0.1
Stealth        | |  1.7

Action                   |  1- 3 |  4- 6 |  7- 9 || total
-------------------------+-------+-------+-------++-------
Melee: Hand axe          |    84 |       |       ||    84
       Tailslap          |     5 |     8 |     8 ||    21
       Trident           |       |   153 |    41 ||   194
       Great sword       |       |       |    21 ||    21
Throw: Dart              |       |       |     4 ||     4
 Cast: Magic Dart        |     8 |     7 |     7 ||    22
       Searing Ray       |     3 |    29 |    23 ||    55
Evoke: Wand              |       |       |     1 ||     1
  Use: Scroll            |       |     6 |     2 ||     8
 Stab: Sleeping          |     1 |     9 |     2 ||    12
       Distracted        |       |     1 |     1 ||     2
  Eat: Chunk             |     1 |     8 |     2 ||    11
       Ration            |       |       |     2 ||     2
Armor: Skin              |    36 |    63 |    44 ||   143
Dodge: Dodged            |    68 |   116 |    60 ||   244
       Rpst.: Great sword |       |       |    14 ||    14
